 Dungeon Crawl Stone Soup version 0.17-a0-1409-ge6d9485 (webtiles) character file.

25289 HEYYEYAAE the Geomancer (level 13, -9/90 HPs)
             Began as a Human Earth Elementalist on June 22, 2015.
             Was the Champion of Vehumet.
             Mangled by an orc warlord
             ... wielding a +5 battleaxe of distortion
              (19 damage)
             ... on level 4 of the Orcish Mines.
             The game lasted 01:53:56 (19556 turns).

HEYYEYAAE the Geomancer (Human Earth Elementalist) Turns: 19556, Time: 01:53:57

Health: -9/90      AC: 17    Str:  8    XL:     13   Next: 49%
Magic:  13/25      EV: 17    Int: 21    God:    Vehumet [******]
Gold:   1605       SH:  0    Dex: 16    Spells: 8 memorised, 0 levels left

rFire  . . .     SeeInvis .     D - +2 flail (protect)
rCold  . . .     Clarity  .     e - +0 troll leather armour
rNeg   . . .     SustAt   .     (no shield)
rPois  +         Gourm    .     (helmet restricted)
rElec  .         Spirit   .     N - +0 cloak
rCorr  .         Warding  .     M - +0 pair of gloves
rMut   .         Stasis   .     (no boots)
MR     .....                    f - amulet of faith
Stlth  ++........               g - ring of poison resistance
                                i - ring of wizardry

@: about to teleport, stone skin, drained, not resistant to hostile
enchantments, unstealthy
A: antennae 1, agile 1, frail 1
a: Renounce Religion


You were on level 4 of the Orcish Mines.
You worshipped Vehumet.
Vehumet was exalted by your worship.
You were hungry.

You visited 3 branches of the dungeon, and saw 17 of its levels.
You also visited: Ossuary.

You collected 1976 gold pieces.
You spent 371 gold pieces at shops.

Inventory:

Hand weapons
 r - a +2 whip of electrocution
 w - a +2 short sword of draining
 z - a +2 battleaxe of distortion
 D - a +2 flail of protection (weapon)
 K - a +4 quarterstaff of chaos
 P - a +1 dagger of venom
Missiles
 a - 373 stones (quivered)
Armour
 e - a +0 troll leather armour (worn)
 j - a +2 robe of cold resistance
 p - a +2 robe of resistance
 v - a +2 robe of cold resistance
 x - a +0 leather armour of magic resistance
 M - a +0 pair of gloves (worn)
 N - a +0 cloak (worn)
 U - a +2 helmet
 Y - the +0 cloak of Gallantry {rC- rN+ Str+9}
   (You found it on level 11 of the Dungeon)

   It affects your strength (+9).
   It makes you vulnerable to cold.
   It protects you from negative energy.
Magical staves
 l - an uncursed staff of earth
Rods
 X - a +1 rod of clouds (10/10)
   (You found it on level 10 of the Dungeon)
Jewellery
 f - an amulet of faith (around neck)
 g - a ring of poison resistance (right hand)
 i - a ring of wizardry (left hand)
 k - an uncursed ring of protection from fire
 I - an uncursed amulet of resist mutation
 W - an uncursed amulet of clarity {unknown}
Magical devices
 h - a wand of paralysis (0)
 A - a wand of magic darts (2)
 J - a wand of flame (5)
 S - a wand of frost (39)
Scrolls
 b - 5 scrolls of remove curse
 m - 5 scrolls of magic mapping
 s - a scroll of enchant weapon
 B - 3 scrolls of amnesia
 G - 3 scrolls of fog {unknown}
 L - 3 scrolls of recharging
 O - 3 scrolls of random uselessness {unknown}
 R - a scroll of noise
Potions
 n - a potion of cure mutation
 H - a potion of degeneration
Books
 c - a book of Geomancy

   Spells                             Type                      Level
   a - Sandblast                      Earth                        1
   b - Stoneskin                      Transmutation/Earth          2
   c - Passwall                       Transmutation/Earth          3
   d - Stone Arrow                    Conjuration/Earth            3
   e - Petrify                        Transmutation/Earth          4
   f - Lee's Rapid Deconstruction     Earth                        5
 q - a book of Party Tricks

   Spells                             Type                      Level
   a - Summon Butterflies             Summoning                    1
   b - Apportation                    Translocation                1
   c - Tukima's Dance                 Hexes                        3
   d - Alistair's Intoxication        Transmutation/Poison         4
   e - Invisibility                   Hexes                        6
 t - a book of Clouds

   Spells                             Type                      Level
   a - Mephitic Cloud                 Conjuration/Poison/Air       3
   b - Conjure Flame                  Conjuration/Fire             3
   c - Poisonous Cloud                Conjuration/Poison/Air       6
   d - Freezing Cloud                 Conjuration/Ice/Air          6
   e - Ring of Flames                 Charms/Fire                  7
 y - a book of the Warp

   Spells                             Type                      Level
   a - Recall                         Summoning/Translocation      3
   b - Gell's Gravitas                Hexes/Translocation          3
   c - Force Lance                    Conjuration/Translocation    4
   d - Phase Shift                    Translocation                5
   e - Warp Weapon                    Charms/Translocation         5
   f - Summon Forest                  Summoning/Translocation      5
 F - a book of Cantrips

   Spells                             Type                      Level
   a - Corona                         Hexes                        1
   b - Animate Skeleton               Necromancy                   1
   c - Summon Small Mammal            Summoning                    1
   d - Apportation                    Translocation                1
Miscellaneous
 Z - a phial of floods (inert)
Comestibles
 d - 4 bread rations
 o - 2 royal jellies
 C - 2 meat rations


   Skills:
 + Level 9.0(8.6) Fighting
 + Level 8.6(8.1) Armour
 + Level 9.5(9.1) Dodging
 - Level 2.0(1.6) Stealth
 + Level 8.8(8.4) Spellcasting
 - Level 1.0(0.6) Transmutations
 * Level 12.8(12.3) Earth Magic


You couldn't memorise any spells.
You knew the following spells:

 Your Spells              Type           Power        Failure   Level  Hunger
a - Sandblast             Erth           ######       1%          1    None
b - Stone Arrow           Conj/Erth      ####..       1%          3    None
c - Stoneskin             Trmt/Erth      #####...     1%          2    None
d - Lee's Rapid Deconstr  Erth           ######....   1%          5    #####..
e - Petrify               Trmt/Erth      #####...     4%          4    ###....
f - Mephitic Cloud        Conj/Pois/Air  #.......     3%          3    None
g - Bolt of Magma         Conj/Fire/Erth ####......   9%          5    #####..
h - Iron Shot             Conj/Erth      ####......   28%         6    ######.


Dungeon Overview and Level Annotations

Branches:
Dungeon (12/15)            Temple (1/1) D:7            Lair (0/8) D:8
    Orc (4/4) D:12
    Elf: Orc:3-4

Altars:
Ashenzari
Cheibriados
Dithmenos
Elyvilon
Fedhas
Gozag
Kikubaaqudgha
Makhleb
Nemelex Xobeh
Okawaru
Qazlal
Ru
Sif Muna
Trog
Vehumet
Xom
Yredelemnul
Zin
The Shining One
Beogh

Shops:
Orc:3 ?   Orc:4 [

Annotations:
D:2 Ijyb
D:8 Psyche
Orc:4 Urug


Innate Abilities, Weirdness & Mutations

You have a pair of small antennae on your head.
You are agile. (Dex +2)
You are frail (-10% HP).


Message History

The orc priest appears confused.
The orc priest hits the orc warrior.
The orc priest is engulfed in noxious fumes.
The orc priest appears confused.
The orc warrior shouts!
Unknown command.
Evoke which item? (* to show all) (? for menu, Esc to quit)
You draw a card...
It is the Cloud.
The deck of cards disappears without a trace.
Clouds appear around you!
The orc warrior is engulfed in noxious fumes.
The orc warrior appears confused.
The orc warrior hits you with a hand axe!!
* * * LOW HITPOINT WARNING * * *
The orc priest is engulfed in noxious fumes.
The orc priest appears confused.
The orc priest barely misses the orc.
The orc warlord is engulfed in noxious fumes.
The orc warlord hits you with a battleaxe of distortion.
* * * LOW HITPOINT WARNING * * *
Space warps horribly around you!
You die...

...8.....§....[.....
........o§..........
.......§§§_......([.
.......§§§........))
#..8.§oo§§........8.
##o§§§.....#####
##§§§§§..... #
##o§o#.....#. #
#@o§##)....# #
#.§§###..[[.# #
#∩.##.#..[..#### #
####..#.....#..####
##...............
#......)...(.....
##........(......
#...........[....
##............#..


You could see an orc warlord, 2 orc warriors, 2 orc priests, an orc wizard
(frenzied) and an orc (frenzied).

Vanquished Creatures
  Josephine (D:11)
  Erolcha (D:8)
  A hydra (D:12)
  An orc high priest (Orc:4)
  Nergalle (D:12)
  The ghost of PeterLawrence the Basher, an experienced GrFi of Okawaru (D:6)
  2 hill giants
  2 cyclopes
  An orc knight (Orc:4)
  4 orc sorcerers
  2 centaur zombies
  An elephant (D:8)
  4 trolls
  A queen bee (D:12)
  Prince Ribbit (D:5)
  A shadow (D:11)
  A trapdoor spider (D:12)
  4 hippogriffs
  Eustachio (D:4)
  A steam dragon (D:10)
  A warg (Orc:4)
  17 yaks
  4 wraiths
  A mottled dragon (D:12)
  Edmund (D:6)
  A soldier ant (D:11)
  A water moccasin (D:12)
  A wasp (D:12)
  2 ice beasts (D:9)
  5 phantoms
  4 necrophages
  2 black bears
  2 centaurs
  17 orc warriors
  11 ogres
  2 sky beasts
  3 crocodiles
  Blork the orc (Orc:4)
  4 giant frogs
  A wyvern zombie (D:12)
  A water moccasin zombie (D:9)
  A wyvern skeleton (D:8)
  17 killer bees (D:12)
  2 scorpions
  A troll zombie (D:12)
  18 wights
  11 crimson imps
  4 jellies
  2 giant frog zombies
  23 orc wizards
  8 hounds
  21 orc priests
  Crazy Yiuf (D:6)
  A gnoll shaman (Orc:4)
  Jessica (D:2)
  7 centaur skeletons
  7 worker ants
  7 iguanas
  2 big kobold zombies (Ossuary)
  The ghost of 4thArraOfDagon the Gusty, a weakling CeAE (D:3)
  6 ogre zombies (D:12)
  2 mummies (Ossuary)
  4 hound skeletons
  16 adders
  6 gnolls (Orc:4)
  5 shadow imps
  2 oozes (D:2)
  An adder skeleton (D:4)
  A worm (D:2)
  137 orcs
  18 bats
  3 bat skeletons
  4 giant cockroaches
  21 goblins
  23 hobgoblins
  9 jackals
  18 kobolds
  4 quokkas
  A ball python (D:2)
  4 giant geckos
  A giant gecko skeleton (D:5)
  A giant gecko zombie (D:6)
  9 giant newts
  3 gnoll zombies (Ossuary)
  2 goblin skeletons (D:12)
  7 goblin zombies
  6 hobgoblin zombies
  4 orc skeletons (D:12)
  15 orc zombies
  8 rats
590 creatures vanquished.

Vanquished Creatures (collateral kills)
  A hobgoblin (D:11)
1 creature vanquished.

Vanquished Creatures (others)
  An orc (Orc:2)
  A hobgoblin (D:9)
2 creatures vanquished.

Grand Total: 593 creatures vanquished

Notes
Turn   | Place    | Note
--------------------------------------------------------------
     0 | D:1      | HEYYEYAAE the Human Earth Elementalist began the quest for the Orb.
     0 | D:1      | Reached XP level 1. HP: 13/13 MP: 3/3
   260 | D:1      | Reached XP level 2. HP: 19/19 MP: 0/5
  1336 | D:1      | Reached XP level 3. HP: 17/25 MP: 0/6
  1531 | D:2      | Noticed Ijyb
  1607 | D:1      | Learned a level 3 spell: Stone Arrow
  1698 | D:2      | Noticed Jessica
  1708 | D:2      | HP: 1/25 [Ijyb (1)]
  1894 | D:2      | Reached skill level 1 in Fighting
  2036 | D:2      | Reached XP level 4. HP: 25/32 MP: 4/7
  2452 | D:2      | Killed Jessica
  2567 | D:3      | Reached XP level 5. HP: 37/37 MP: 4/9
  2681 | D:3      | Reached skill level 1 in Armour
  2692 | D:3      | Noticed an orc warrior
  2718 | D:3      | Noticed 4thArraOfDagon's ghost (weakling CeAE)
  2788 | D:3      | Found a glowing silver altar of Zin.
  3205 | D:2      | Reached skill level 4 in Earth Magic
  3294 | D:3      | Learned a level 2 spell: Stoneskin
  3459 | D:3      | Found a blossoming altar of Fedhas.
  3671 | D:3      | Killed 4thArraOfDagon's ghost
  3678 | D:3      | Reached XP level 6. HP: 13/44 MP: 0/10
  4822 | D:4      | Reached XP level 7. HP: 49/51 MP: 2/12
  4978 | D:4      | Reached skill level 5 in Earth Magic
  5094 | D:4      | Noticed Eustachio
  5103 | D:4      | Killed Eustachio
  5429 | D:4      | Reached XP level 8. HP: 51/58 MP: 13/13
  5649 | D:5      | Entered Level 5 of the Dungeon
  6114 | D:5      | Noticed Prince Ribbit
  6272 | D:5      | Reached skill level 6 in Earth Magic
  7421 | D:5      | Killed Prince Ribbit
  7421 | D:5      | Reached XP level 9. HP: 13/65 MP: 2/15
  7512 | D:6      | Noticed Edmund
  7541 | D:6      | Noticed PeterLawrence's ghost (experienced GrFi)
  7767 | D:6      | Killed Edmund
  7767 | D:6      | Reached skill level 7 in Earth Magic
  7947 | D:6      | Killed PeterLawrence's ghost
  7947 | D:6      | Reached skill level 5 in Dodging
  7947 | D:6      | Reached skill level 5 in Spellcasting
  8461 | D:6      | Noticed Crazy Yiuf
  8474 | D:6      | Killed Crazy Yiuf
  8582 | D:6      | Reached skill level 8 in Earth Magic
  8609 | D:6      | Found a burning altar of Makhleb.
  8768 | D:6      | Found an opulent altar of Gozag.
  9093 | D:7      | Reached skill level 5 in Fighting
  9093 | D:7      | Reached skill level 5 in Armour
  9093 | D:7      | Reached XP level 10. HP: 29/74 MP: 0/18
  9889 | D:7      | Found a staircase to the Ecumenical Temple.
  9909 | Temple   | Entered the Ecumenical Temple
  9913 | Temple   | Became a worshipper of Vehumet
 10137 | D:8      | Found a sand-covered staircase.
 10147 | Ossuary  | Entered an ossuary
 10321 | Ossuary  | Acquired Vehumet's first power
 10321 | Ossuary  | Offered knowledge of Freeze by Vehumet.
 10397 | D:8      | Noticed an elephant
 10424 | D:8      | Learned a level 5 spell: Lee's Rapid Deconstruction
 10458 | D:8      | Killed an elephant
 10458 | D:8      | Reached skill level 9 in Earth Magic
 10639 | D:8      | Found a white marble altar of Elyvilon.
 10660 | D:8      | Noticed Erolcha
 10675 | D:8      | Killed Erolcha
 10939 | D:8      | Offered knowledge of Magic Dart by Vehumet.
 10963 | D:8      | Found a staircase to the Lair.
 11011 | D:8      | Reached XP level 11. HP: 75/81 MP: 6/20
 11056 | D:8      | Found a shadowy altar of Dithmenos.
 11090 | D:8      | Noticed Psyche
 11140 | D:8      | Found a shadowy altar of Dithmenos.
 11140 | D:8      | Found a shattered altar of Ashenzari.
 11427 | D:9      | Reached skill level 10 in Earth Magic
 11573 | D:9      | Offered knowledge of Static Discharge by Vehumet.
 11704 | D:9      | Acquired Vehumet's second power
 11790 | D:9      | Offered knowledge of Iskenderun's Mystic Blast by Vehumet.
 12054 | D:10     | Entered Level 10 of the Dungeon
 12273 | D:10     | Acquired Vehumet's third power
 12380 | D:10     | Offered knowledge of Airstrike by Vehumet.
 12705 | D:10     | Noticed a hill giant
 12715 | D:10     | Killed a hill giant
 13299 | D:11     | Noticed Josephine
 13303 | D:11     | Killed Josephine
 13303 | D:11     | Reached XP level 12. HP: 91/91 MP: 1/22
 13327 | D:10     | Reached skill level 11 in Earth Magic
 13958 | D:11     | Got a slimy cloak
 13984 | D:11     | Identified the +0 cloak of Gallantry {rC- rN+ Str+9} (You found it on level 11 of the Dungeon)
 14023 | D:11     | Noticed a cyclops
 14047 | D:11     | Killed a cyclops
 14356 | D:11     | Learned a level 4 spell: Petrify
 14411 | D:12     | Offered knowledge of Irradiate by Vehumet.
 14708 | D:12     | Learned a level 3 spell: Mephitic Cloud
 14740 | D:12     | Noticed a seven-headed hydra
 14745 | D:12     | Killed a seven-headed hydra
 14811 | D:12     | Identified a +1 rod of clouds (10/10) (You found it on level 10 of the Dungeon)
 15104 | D:12     | Reached skill level 12 in Earth Magic
 15111 | D:12     | Noticed Nergalle
 15124 | D:12     | Gained mutation: You can breathe flames. [potion of mutation]
 15124 | D:12     | Gained mutation: You are agile. (Dex +2) [potion of mutation]
 15124 | D:12     | Gained mutation: You have a pair of small antennae on your head. [potion of mutation]
 15162 | D:12     | HP: 3/94 [spectral orc knight/dire flail[Nergalle] (11)]
 15165 | D:12     | Lost mutation: You can breathe flames. [mutagenic glow]
 15166 | D:12     | Killed Nergalle
 15168 | D:12     | HP: 3/94 [poisoned by Nergalle]
 15173 | D:12     | HP: 4/94 [poisoned by Nergalle]
 15222 | D:12     | Gained mutation: You are frail (-10% HP). [mutagenic glow]
 15404 | D:12     | Reached XP level 13. HP: 89/89 MP: 2/25
 16248 | D:12     | Found a staircase to the Orcish Mines.
 16456 | Orc:1    | Entered Level 1 of the Orcish Mines
 16470 | Orc:1    | Offered knowledge of Lightning Bolt by Vehumet.
 17320 | Orc:1    | Offered knowledge of Bolt of Magma by Vehumet.
 17328 | Orc:1    | Learned a level 5 spell: Bolt of Magma
 17733 | Orc:4    | Entered Level 4 of the Orcish Mines
 18245 | Orc:3    | Found Luimuixt's Magic Scroll Shop.
 18322 | Orc:3    | Bought a scroll of identify for 28 gold pieces
 18322 | Orc:3    | Bought a scroll of identify for 28 gold pieces
 18322 | Orc:3    | Bought a scroll of recharging for 133 gold pieces
 18322 | Orc:3    | Bought a scroll of recharging for 133 gold pieces
 18322 | Orc:3    | Bought a scroll of fear for 49 gold pieces
 18684 | Orc:4    | Offered knowledge of Iron Shot by Vehumet.
 18692 | Orc:4    | Learned a level 6 spell: Iron Shot
 18707 | Orc:4    | Noticed Blork the orc
 18712 | Orc:4    | Killed Blork the orc
 18799 | Orc:4    | Noticed Urug
 19188 | Orc:4    | Paralysed by an orc sorcerer for 3 turns
 19415 | Orc:4    | Found a roughly hewn altar of Beogh.
 19545 | Orc:4    | Noticed a stone giant
 19550 | Orc:4    | Found Qiveal's Antique Armour Boutique.
 19550 | Orc:4    | Noticed an orc warlord
 19556 | Orc:4    | Mangled by an orc warlord

Vault maps used:
D:1:      kilobyte_arrival_exit_the_forest
D:2:      uniq_iyjb, uniq_jessica
D:3:      fedhas_altar_3, zin_academy
D:4:      uniq_eustachio
D:5:      first_bread, uniq_prince_ribbit1
D:6:      makhleb_heckhound_becter, overflow_temple_1_default,
          uniq_crazy_yiuf_cottage, uniq_edmund
D:7:      minmay_temple_entry_statues_pillars
D:8:      elyvilon_altar_1, gammafunk_temple_overflow_elements,
          david_lair_generic, nicolae_ossuary_entry_ruins,
          grunt_dithmenos_shadows, uniq_erolcha, uniq_psyche
D:11:     uniq_josephine
D:12:     zombieorc2_lemuel, david_nohive_1, uniq_nergalle
Temple:   minmay_freezing_vapour_temple_12
Orc:2:    lightli_orcish_oven
Orc:3:    serial_shops, shop_fountains, shop, nicolae_orc_pool_cavern
Orc:4:    grunt_orc_cross
Ossuary:  minmay_ossuary_gauntlet

Action                   |  1- 3 |  4- 6 |  7- 9 | 10-12 | 13-15 || total
-------------------------+-------+-------+-------+-------+-------++-------
Melee: Unarmed           |     1 |       |       |       |       ||     1
       Dagger            |    20 |    58 |       |     7 |       ||    85
       Whip              |       |    50 |   118 |       |       ||   168
       Short sword       |       |       |   109 |    14 |       ||   123
       Staff             |       |       |    14 |       |       ||    14
       Flail             |       |       |    44 |    19 |   166 ||   229
       Quarterstaff      |       |       |       |   355 |    28 ||   383
       Battleaxe         |       |       |       |     4 |       ||     4
Throw: Stone             |       |       |     1 |     1 |     1 ||     3
 Cast: Sandblast         |    56 |    61 |    13 |       |       ||   130
       Stone Arrow       |     1 |    30 |   105 |   132 |    55 ||   323
       Stoneskin         |       |     1 |       |       |     1 ||     2
       Lee's Rapid Decon |       |       |       |    84 |    86 ||   170
       Petrify           |       |       |       |     6 |    17 ||    23
       Mephitic Cloud    |       |       |       |     2 |       ||     2
       Iron Shot         |       |       |       |       |     2 ||     2
Evoke: Wand              |       |       |     5 |    15 |     3 ||    23
       Phial of floods   |       |       |       |     1 |       ||     1
       Deck              |       |       |       |       |     6 ||     6
  Use: Scroll            |     2 |     3 |     7 |    10 |     3 ||    25
       Potion            |       |     2 |     4 |    15 |       ||    21
 Stab: Sleeping          |       |     2 |     6 |     2 |     1 ||    11
       Invisible         |       |       |     3 |       |       ||     3
       Paralysed         |       |       |       |    10 |    10 ||    20
       Petrifying        |       |       |       |     3 |     2 ||     5
       Confused          |       |       |       |     2 |     1 ||     3
       Petrified         |       |       |       |     1 |     1 ||     2
  Eat: Chunk             |     2 |     3 |     8 |    30 |    28 ||    71
       Meat ration       |     1 |     1 |     1 |     1 |       ||     4
       Bread ration      |       |       |     2 |     1 |       ||     3
       Royal jelly       |       |       |       |     3 |     4 ||     7
       Fruit             |       |       |       |     4 |       ||     4
